 Dungeon Crawl Stone Soup version 0.27.1-3-gb3d3a73c9e (webtiles) character file.

Game seed: 10581878695777188832

32 Atelerd the Digger (level 3, -1/21 HPs)
             Began as an Octopode Earth Elementalist on Oct 10, 2021.
             Slain by Terence (7 damage)
             ... on level 2 of the Dungeon.
             The game lasted 00:01:58 (1982 turns).

Atelerd the Digger (Octopode Earth Elementalist)    Turns: 1982, Time: 00:01:58

Health: -1/21      AC:  1    Str:  7    XL:     3   Next: 25%
Magic:  6/6        EV: 13    Int: 18    God:
Gold:   16         SH:  0    Dex: 12    Spells: 6/7 levels left

rFire    . . .     SeeInvis .   e - +0 dagger
rCold    . . .     Faith    .   (no shield)
rNeg     . . .     Spirit   .   (helmet restricted)
rPois    .         Reflect  .   (no amulet)
rElec    .         Harm     .   g - ring of resist corrosion
rCorr    +         Rampage  .   (no ring)
Will     .....                  (no ring)
Stlth    +++.......             (no ring)
HPRegen  0.07/turn              (no ring)
MPRegen  0.10/turn              (no ring)
                                (no ring)
                                (no ring)

@: no status effects
A: almost no armour, amphibious, 8 rings, camouflage 1, gelatinous body 1,
(nimble swimmer 1), tentacles
a: no special abilities


You were on level 2 of the Dungeon.
You visited 1 branch of the dungeon, and saw 2 of its levels.

You collected 141 gold pieces.
You spent 125 gold pieces at shops.

Inventory:

Hand Weapons
 e - a +0 dagger (weapon)
Missiles
 b - 4 stones
Jewellery
 g - a ring of resist corrosion (left tentacle)
Scrolls
 a - a scroll of teleportation
 c - 2 scrolls of identify
 f - a scroll of noise
Potions
 d - a potion of cancellation


   Skills:
 - Level 2.0 Dodging
 + Level 3.0 Stealth
 + Level 0.4 Unarmed Combat
 + Level 2.5 Spellcasting
 + Level 1.0 Transmutations
 * Level 3.6 Earth Magic


You had 6 spell levels left.
You knew the following spells:

 Your Spells              Type           Power      Damage    Failure   Level
a - Sandblast             Erth           30%        2d9       3%          1

Your spell library contained the following spells:

 Spells                   Type           Power      Damage    Failure   Level
 Passwall                 Tmut/Erth      8%         N/A       10%         2
 Stone Arrow              Conj/Erth      16%        3d8       24%         3
 Ignite Poison            Fire/Tmut/Pois 3%         N/A       41%         3
 Mephitic Cloud           Conj/Pois/Air  2%         N/A       45%         3
 Ozocubu's Armour         Ice            2%         N/A       45%         3
 Portal Projectile        Hex/Tloc       4%         N/A       45%         3
 Petrify                  Tmut/Erth      10%        N/A       54%         4
 Bolt of Magma            Conj/Fire/Erth 3%         4d5       96%         5
 Blade Hands              Tmut           2%         N/A       97%         5
 Excruciating Wounds      Necr           1%         N/A       99%         5
 Ozocubu's Refrigeration  Ice            1%         4d5       100%        7


Dungeon Overview and Level Annotations

Branches:
Dungeon (2/15)

Altars:

Shops:
D:2 **[

Annotations:
D:2 Terence


Innate Abilities, Weirdness & Mutations

You cannot wear most types of armour.
You are amphibious.
You can wear up to eight rings at the same time.
Your skin changes colour to match your surroundings (Stealth+).
Your rubbery body absorbs attacks. (AC +1, EV +1)
((You are camouflaged near water. (Stealth+)))
You have tentacles for arms and can constrict up to eight enemies at once.


Message History

The goblin shoots a stone.
The stone barely misses you.
There are monsters nearby!
You miscast Sandblast.
You are very lightly contaminated with residual magic.
Nothing appears to happen.
Terence hits you with a +0 short sword.
The goblin shoots a stone.
The stone closely misses you.
Unknown command.
Terence closely misses you.
There is an open door here.
Your magical contamination has completely faded away.
The goblin shoots a stone.
The stone closely misses you.
You open the door. Terence closely misses you.
There is an open door here.
Press: ? - help, v - describe, . - travel
Here: Terence, wielding a +0 short sword and wearing a +0 chain mail of cold resistance The floor.
Found a stone staircase leading down.
Found 8 gold pieces.
You see here 8 gold pieces.
A worm comes into view.
An endoplasm comes into view.
The endoplasm quivers.
You see here 4 gold pieces.
There is an entrance to Desoan's General Store here.
You can access your shopping list by pressing '$'.
Terence hits you with a +0 short sword.
There is an open door here.
You are too injured to fight recklessly!
Terence shouts, "Now you die!" Terence closely misses you.
The dart slug bites you.
Terence bares his teeth.
The dart slug launches a dart at you. The slug dart hits you.
* * * LOW HITPOINT WARNING * * *
The dart slug barely misses you. The dart slug launches a dart at you.
The slug dart misses you.
Terence screams, "I'm going to kill you!"
You open the door. Terence hits you with a +0 short sword!
You die...

#.......# #.. #.......# ###
################# #.......# #
..........$....># #.......# #
....#######.###.# #.......# #
....##### #.# #.# #.......# #
........# #.# #.#######'#### #
........# #.###.##.......########
...$....# #.....@'.......<.......
...∩....#######@##.......########
....w..J'...# #.##.......# #
........###.# #.#####+#'#########
######### #.###.# #).)#......
#..##w# ###.#.##### ##.##.# #.#.#
#######.##.## ###.#†#####
#.......J#..# #...#......


You could see Terence and a dart slug.

Vanquished Creatures
  A worm (D:2)
  4 ball pythons (D:1)
  3 endoplasms
  2 giant cockroaches (D:1)
  2 hobgoblins
  7 bats
  2 goblins (D:1)
  2 kobolds (D:1)
  5 rats (D:1)
28 creatures vanquished.

Notes
Turn   | Place    | Note
-------+----------+-------------------------------------------
     0 | D:1      | Atelerd the Octopode Earth Elementalist began the quest for
                  | the Orb.
     0 | D:1      | Reached XP level 1. HP: 11/11 MP: 3/3
   494 | D:1      | Reached XP level 2. HP: 17/17 MP: 1/5
   869 | D:1      | Found a faded altar of an unknown god.
  1571 | D:2      | Reached XP level 3. HP: 21/21 MP: 3/6
  1772 | D:2      | Found Pet Det's Antique Armour Boutique.
  1804 | D:2      | Found Kugen's Assorted Antiques.
  1813 | D:2      | Bought a pearl ring for 125 gold pieces
  1895 | D:2      | Found Desoan's General Store.
  1898 | D:2      | Noticed Terence
  1982 | D:2      | Slain by Terence

Illustrated notes

Levels and vault maps discovered:
D:1:      elethiomel_arrival_diamonds, layout_basic,
          hellmonk_ecumenical_altar_blasted
D:2:      layout_basic, serial_shops, shop_coins, shop, nicolae_diamond_shop,
          nicolae_diamond_shop, shop, minmay_octomino_c4, uniq_terence

Skill      XL: |  1  2 |
---------------+-------+-----
Stealth        | 3 |  3.0
Dodging        | |  2.0
Unarmed Combat | |  0.4
Spellcasting   | |  2.5
Transmutations | |  1.0
Earth Magic    | |  3.6

Action                   || total
-------------------------++-------
Melee: Unarmed           ||    15
       Constrict         ||     8
       Tentacles         ||     4
       Dagger            ||    14
 Cast: Sandblast         ||    29
  Use: Scroll            ||     3
 Stab: Sleeping          ||     1
Armor: Skin              ||     6
Dodge: Dodged            ||    28
